Ice Dragons vs Sewer Rats (R1)

Created - 28 décembre 2016 at 20:07

Goals
1 2 3 T
Ice Dragons 2 1 3 6
Sewer Rats 2 1 1 4
Shots
1 2 3 T
Ice Dragons 11 8 22 41
Sewer Rats 13 15 8 36

1st period

1. Sewer Rats , Patrick Bordeleau 4 (Derek Dorsett, Matt Lashoff) at 9:41
2. Ice Dragons , Samuel Groulx 3 (Ian Cole, Tyler Haskins) at 13:47 (PP)
3. Ice Dragons , Tyler Haskins 9 (Nick Palmieri, Jordan LaVallee) at 16:45
4. Sewer Rats , Daniel Carr 4 (Ville Leino, William Karlsson) at 17:43

Penalties :
Ryan Reaves (Kin) for Holding (Minor) at 2:24, Matt Lashoff (Tol) for Cross-checking (Minor) at 13:42

2nd period

5. Sewer Rats , Vojtech Polak 14 (Jonathan Marchessault, Jared Boll) at 9:13
6. Ice Dragons , Ryan Reaves 5 (Petr Vrana) at 17:11

Penalties :
Vincent Trocheck (Tol) for Tripping (Minor) at 1:20, Ian Cole (Kin) for Hooking (Minor) at 10:07

3rd period

7. Sewer Rats , Derek Dorsett 7 (Patrick Bordeleau) at 5:38
8. Ice Dragons , Tyler Haskins 10 (Petr Vrana, Samuel Groulx) at 6:32 (PP)
9. Ice Dragons , Troy Brouwer 16 (Michael Latta, Slava Voynov) at 7:53
10. Ice Dragons , Petr Vrana 8 (Tomas Kudelka, Slava Voynov) at 19:45

Penalties :
Richard Jackman (Tol) for Kneeing (Minor) at 1:40, Mark Mancari (Tol) for Holding (Minor) at 5:45, Samuel Groulx (Kin) for Interference (Minor) at 10:02, Alexander Urbom (Kin) for Close Hand On Puck (Minor) at 17:03, Matt Lashoff (Tol) for Holding (Minor) at 17:09

Goalie Stats

Justin Pogge (Kin), 32 saves from 36 shots - (0,889), W, 12-10-1, 60:00 minutes
Richard Bachman (Tol), 35 saves from 41 shots - (0,854), L, 11-5-1, 60:00 minutes

Players Stats for Ice Dragons

Player Name              G  A  P  +/- PIM S  H  SB GA TA FO     MP     PP MP  PK MP  
------------------------------------------------------------------------------------
Alexander Urbom          0  0  0  -1  2   0  0  1  0  1  0/0    13:51   0:06   3:40 
Bradley Malone           0  0  0  -1  0   0  1  0  0  0  0/1     4:52   0:00   0:00 
Brandon Kozun            0  0  0  -1  0   0  1  0  1  0  0/0    12:46   0:12   0:00 
Brayden McNabb           0  0  0   0  0   0  0  0  0  0  0/0     0:19   0:00   0:19 
Ian Cole                 0  1  1   0  2   1  1  3  4  3  0/0    27:58   3:22   2:30 
Joey Hishon              0  0  0  -1  0   0  2  0  0  0  0/0    11:57   0:12   0:00 
Jordan LaVallee          0  1  1   1  0   1  1  1  2  0  0/0    15:52   0:00   0:36 
Kyle Bigos               0  0  0   1  0   0  2  0  0  0  0/0     5:26   0:00   0:50 
Marek Viedensky          0  0  0  -1  0   0  1  2  0  0  5/11   13:29   0:12   1:30 
Michael Latta            0  1  1   0  0   3  3  0  0  0  9/14   19:41   1:44   3:03 
Nick Palmieri            0  1  1  -1  0   5  3  0  0  0  7/11   25:37   2:54   3:29 
Petr Vrana               1  2  3   0  0   4  0  0  0  2  2/2    11:21   3:00   1:44 
Ryan Reaves              1  0  1   1  2   3  0  2  0  0  0/0    17:27   1:44   0:00 
Samuel Groulx            1  1  2  -3  2   2  3  0  0  2  0/0    30:49   3:22   0:51 
Slava Voynov             0  2  2   2  0   3  2  1  0  0  0/0    21:20   1:34   1:58 
Tomas Kudelka            0  1  1   2  0   4  4  2  0  0  0/0    21:20   1:34   1:58 
Troy Brouwer             1  0  1   1  0   7  2  0  2  0  0/0    17:48   1:50   0:00 
Tyler Haskins            2  1  3   1  0   8  3  1  0  1  17/33  20:07   2:54   1:44 

Players Stats for Sewer Rats

Player Name              G  A  P  +/- PIM S  H  SB GA TA FO     MP     PP MP  PK MP  
------------------------------------------------------------------------------------
Daniel Carr              1  0  1   0  0   1  0  0  0  0  0/0     6:41   0:00   1:25 
Derek Dorsett            1  1  2   1  0   6  2  1  0  0  1/1    12:27   0:16   0:05 
Jared Boll               0  1  1   0  0   4  0  0  1  2  0/1    18:06   2:08   0:57 
Jarred Tinordi           0  0  0   0  0   0  0  1  0  0  0/0    10:51   0:00   0:54 
Joel Edmundson           0  0  0  -1  0   0  0  0  0  0  0/0     3:17   0:00   0:23 
Jonathan Marchessault    0  1  1   0  0   3  2  0  1  0  6/14   16:42   2:08   0:00 
Jonathan Racine          0  0  0  -1  0   0  0  0  0  0  0/0     2:54   0:00   0:00 
Kyle Quincey             0  0  0   0  0   0  1  1  1  0  0/0    19:10   2:02   1:48 
Kyle Turris              0  0  0   0  0   1  1  0  1  3  17/32  19:55   3:39   0:57 
Mark Mancari             0  0  0  -1  2   2  0  0  1  1  0/1    22:20   3:39   2:04 
Matt Lashoff             0  1  1   0  4   0  2  2  0  1  0/0    27:39   4:00   2:57 
Mattias Ekholm           0  0  0   1  0   3  0  1  0  0  0/0     9:33   0:00   0:00 
Nick Cousins             0  0  0   0  0   0  0  0  0  0  0/0     2:55   0:16   0:00 
Patrick Bordeleau        1  1  2   1  0   3  3  0  0  0  0/2    12:51   0:00   1:19 
Richard Jackman          0  0  0   0  2   3  1  2  2  0  0/0    28:27   4:01   2:02 
Steven Kampfer           0  0  0   0  0   2  0  3  0  1  0/0    19:10   2:02   1:48 
Ville Leino              0  1  1  -1  0   4  4  1  1  0  5/8    26:51   3:52   2:56 
Vincent Trocheck         0  0  0   1  2   0  1  0  0  0  1/9    11:16   0:03   0:06 
Vojtech Polak            1  0  1   0  0   4  2  0  1  1  0/2    16:42   2:08   0:00 
William Karlsson         0  1  1   0  0   0  0  0  0  0  2/2     5:19   0:00   0:03 

3 Stars

1 - Tyler Haskins (Kin)
2 - Patrick Bordeleau (Tol)
3 - Derek Dorsett (Tol)

Power Play

Ice Dragons - 2 on 5 Attempt(s) - 40,00%
Sewer Rats - 0 on 4 Attempt(s) - 0,00%

Penalty Kill

Ice Dragons - 4 on 4 Attempt(s) - 100,00% - Score 0 goal in Penalty Kill
Sewer Rats - 3 on 5 Attempt(s) - 60,00% - Score 0 goal in Penalty Kill

Team Stat

Ice Dragons - Hits : 29 - Faceoff Wins : 40 - Blocked Shots : 13 - Penalty Minutes : 8
Sewer Rats - Hits : 19 - Faceoff Wins : 32 - Blocked Shots : 12 - Penalty Minutes : 10

Official

Referees : Walsh Ian and Kimmerly Greg
Linesman : Vaughan Rody and Brian Murphy

Game Notes

No Game Note

Finance

Level 1 -- Attendance: 1634 (81,70%) -- Ticket Income 49 020 $
Level 2 -- Attendance: 819 (81,90%) -- Ticket Income 9 828 $
Total Attendance: 2453 (81,77%)
Total Ticket Income: 58 848 $
Other Income: 2 942 $
Total Income: 61 790 $

Ice Dragons

5 vs 5 Forward 
   Center                   Left Wing                Right Wing               Time % Phy DF OF 
 1 Tyler Haskins            Jordan LaVallee          Nick Palmieri            40     3   1  1  
 2 Michael Latta            Troy Brouwer             Ryan Reaves              30     3   1  1  
 3 Marek Viedensky          Joey Hishon              Brandon Kozun            20     3   1  1  
 4 Bradley Malone           Petr Vrana               Nick Palmieri            10     3   1  1  

5 vs 5 Defense 
   Defense                  Defense                                           Time % Phy DF OF 
 1 Ian Cole                 Samuel Groulx                                     40     3   1  1  
 2 Slava Voynov             Tomas Kudelka                                     30     3   1  1  
 3 Alexander Urbom          Samuel Groulx                                     20     3   1  1  
 4 Kyle Bigos               Ian Cole                                          10     3   1  1  

PowerPlay Forward 
   Center                   Left Wing                Right Wing               Time % Phy DF OF 
 1 Tyler Haskins            Petr Vrana               Nick Palmieri            60     2   1  2  
 2 Michael Latta            Troy Brouwer             Ryan Reaves              40     2   1  2  

PowerPlay Defense
   Defense                  Defense                                           Time % Phy DF OF 
 1 Ian Cole                 Samuel Groulx                                     60     2   1  2  
 2 Slava Voynov             Tomas Kudelka                                     40     2   1  2  

Penalty Kill 4 Players Forward 
   Center                   Wing                     Time % Phy DF OF 
 1 Nick Palmieri            Michael Latta            60     2   3  0  
 2 Tyler Haskins            Petr Vrana               40     2   3  0  

Penalty Kill 4 Players Defense
   Defense                  Defense                  Time % Phy DF OF 
 1 Ian Cole                 Alexander Urbom          60     2   3  0  
 2 Slava Voynov             Tomas Kudelka            40     2   3  0  

Penalty Kill - 3 Players Forward 
   Forward                                           Time % Phy DF OF 
 1 Nick Palmieri                                     60     1   4  0  
 2 Tyler Haskins                                     40     1   4  0  

Penalty Kill - 3 Players Defense
   Defense                  Defense                  Time % Phy DF OF 
 1 Ian Cole                 Kyle Bigos               60     1   4  0  
 2 Slava Voynov             Tomas Kudelka            40     1   4  0  

4 vs 4 Forward 
   Center                   Wing                     Time % Phy DF OF 
 1 Nick Palmieri            Brandon Kozun            60     3   1  1  
 2 Troy Brouwer             Petr Vrana               40     3   1  1  

4 vs 4 Defense
   Defense                  Defense                  Time % Phy DF OF 
 1 Ian Cole                 Samuel Groulx            60     3   1  1  
 2 Slava Voynov             Tomas Kudelka            40     3   1  1  

Last Minutes Offensive
   Center                   Left Wing                Right Wing               Defense                  Defense                  
   Tyler Haskins            Troy Brouwer             Nick Palmieri            Ian Cole                 Slava Voynov             

Last Minutes Defensive
   Center                   Left Wing                Right Wing               Defense                  Defense                  
   Tyler Haskins            Jordan LaVallee          Nick Palmieri            Ian Cole                 Slava Voynov             

Goaltenders
Starting : Justin Pogge             
Backup : Harru Sateri             

Extra Forwards
Normal : Joey Hishon, Brandon Kozun, Marek Viedensky - PP : Joey Hishon, Brandon Kozun - PK : Marek Viedensky
Extra Defensemen
Normal : Alexander Urbom, Samuel Groulx, Kyle Bigos - PP : Alexander Urbom - PK : Samuel Groulx, Kyle Bigos
Penalty Shots
Nick Palmieri, Ryan Reaves, Brandon Kozun, Petr Vrana, Tyler Haskins

Sewer Rats

5 vs 5 Forward 
   Center                   Left Wing                Right Wing               Time % Phy DF OF 
 1 Kyle Turris              Ville Leino              Mark Mancari             40     1   2  2  
 2 Jonathan Marchessault    Vojtech Polak            Jared Boll               30     1   2  2  
 3 Vincent Trocheck         Patrick Bordeleau        Derek Dorsett            20     1   2  2  
 4 William Karlsson         Daniel Carr              Ville Leino              10     1   2  2  

5 vs 5 Defense 
   Defense                  Defense                                           Time % Phy DF OF 
 1 Richard Jackman          Matt Lashoff                                      40     1   2  2  
 2 Steven Kampfer           Kyle Quincey                                      30     1   2  2  
 3 Mattias Ekholm           Jarred Tinordi                                    20     1   2  2  
 4 Joel Edmundson           Jonathan Racine                                   10     1   2  2  

PowerPlay Forward 
   Center                   Left Wing                Right Wing               Time % Phy DF OF 
 1 Kyle Turris              Ville Leino              Mark Mancari             60     1   2  2  
 2 Jonathan Marchessault    Vojtech Polak            Jared Boll               40     1   2  2  

PowerPlay Defense
   Defense                  Defense                                           Time % Phy DF OF 
 1 Richard Jackman          Matt Lashoff                                      60     1   2  2  
 2 Steven Kampfer           Kyle Quincey                                      40     1   2  2  

Penalty Kill 4 Players Forward 
   Center                   Wing                     Time % Phy DF OF 
 1 Ville Leino              Mark Mancari             60     1   2  2  
 2 Kyle Turris              Jared Boll               40     1   2  2  

Penalty Kill 4 Players Defense
   Defense                  Defense                  Time % Phy DF OF 
 1 Richard Jackman          Matt Lashoff             60     1   2  2  
 2 Steven Kampfer           Kyle Quincey             40     1   2  2  

Penalty Kill - 3 Players Forward 
   Forward                                           Time % Phy DF OF 
 1 Ville Leino                                       60     1   2  2  
 2 Mark Mancari                                      40     1   2  2  

Penalty Kill - 3 Players Defense
   Defense                  Defense                  Time % Phy DF OF 
 1 Richard Jackman          Matt Lashoff             60     1   2  2  
 2 Steven Kampfer           Kyle Quincey             40     1   2  2  

4 vs 4 Forward 
   Center                   Wing                     Time % Phy DF OF 
 1 Ville Leino              Mark Mancari             60     1   2  2  
 2 Kyle Turris              Jared Boll               40     1   2  2  

4 vs 4 Defense
   Defense                  Defense                  Time % Phy DF OF 
 1 Richard Jackman          Matt Lashoff             60     1   2  2  
 2 Steven Kampfer           Kyle Quincey             40     1   2  2  

Last Minutes Offensive
   Center                   Left Wing                Right Wing               Defense                  Defense                  
   Kyle Turris              Ville Leino              Mark Mancari             Richard Jackman          Matt Lashoff             

Last Minutes Defensive
   Center                   Left Wing                Right Wing               Defense                  Defense                  
   Kyle Turris              Ville Leino              Mark Mancari             Richard Jackman          Matt Lashoff             

Goaltenders
Starting : Richard Bachman          
Backup : Brad Thiessen            

Extra Forwards
Normal : Nick Cousins, Derek Dorsett, Patrick Bordeleau - PP : Nick Cousins, Derek Dorsett - PK : Patrick Bordeleau
Extra Defensemen
Normal : Mattias Ekholm, Jarred Tinordi, Joel Edmundson - PP : Mattias Ekholm - PK : Jarred Tinordi, Joel Edmundson
Penalty Shots
Ville Leino, Mark Mancari, Kyle Turris, Jared Boll, Vojtech Polak

% Time on Ice - Ice Dragons

Lines # - Real PCT - Wanted PCT - Time Play
Normal Forward
1 - 32% - 40% - 15:18
2 - 34% - 30% - 16:12
3 - 23% - 20% - 10:46
4 - 10% - 10% - 4:52
Normal Defense
1 - 34% - 40% - 16:02
2 - 36% - 30% - 17:09
3 - 20% - 20% - 9:21
4 - 10% - 10% - 4:36
PP Forward
1 - 63% - 60% - 3:06
2 - 37% - 40% - 1:50
PP Defense
1 - 68% - 60% - 3:22
2 - 32% - 40% - 1:34
PK Forward
1 - 71% - 60% - 4:19
2 - 29% - 40% - 1:44
PK Defense
1 - 67% - 60% - 4:05
2 - 33% - 40% - 1:58
PK3 Forward
1 - 0% - 60%
2 - 0% - 40%
PK3 Defense
1 - 0% - 60%
2 - 0% - 40%
44 Forward
1 - 76% - 60% - 1:26
2 - 24% - 40% - 0:27
44 Defense
1 - 65% - 60% - 1:14
2 - 35% - 40% - 0:39
Last Minute Offensive  - 0:00
Last Minute Defensive  - 0:00
Total
Forward - 60:00
Defense - 60:00

% Time on Ice - Sewer Rats

Lines # - Real PCT - Wanted PCT - Time Play
Normal Forward
1 - 34% - 40% - 16:10
2 - 31% - 30% - 14:42
3 - 23% - 20% - 11:00
4 - 11% - 10% - 5:16
Normal Defense
1 - 44% - 40% - 20:43
2 - 31% - 30% - 14:42
3 - 19% - 20% - 8:49
4 - 6% - 10% - 2:54
PP Forward
1 - 65% - 60% - 3:55
2 - 35% - 40% - 2:08
PP Defense
1 - 66% - 60% - 4:01
2 - 34% - 40% - 2:02
PK Forward
1 - 81% - 60% - 3:59
2 - 19% - 40% - 0:57
PK Defense
1 - 64% - 60% - 3:08
2 - 36% - 40% - 1:48
PK3 Forward
1 - 0% - 60%
2 - 0% - 40%
PK3 Defense
1 - 0% - 60%
2 - 0% - 40%
44 Forward
1 - 83% - 60% - 1:34
2 - 17% - 40% - 0:19
44 Defense
1 - 66% - 60% - 1:15
2 - 34% - 40% - 0:38
Last Minute Offensive  - 0:00
Last Minute Defensive  - 0:00
Total
Forward - 60:00
Defense - 60:00

Play by Play

1st period


0:01 of 1st period - Tyler Haskins wins face-off versus Kyle Turris in neutral zone.
0:06 of 1st period - Samuel Groulx is hit by Richard Jackman and loses puck.
0:31 of 1st period - Ian Cole is hit by Patrick Bordeleau and loses puck.
1:06 of 1st period - Wrist shot by Nick Palmieri.
1:06 of 1st period - Deflect By Tyler Haskins.
1:06 of 1st period - Shot Misses the Net.
1:06 of 1st period - Puck is out of play.
1:07 of 1st period - Michael Latta wins face-off versus Jonathan Marchessault in Sewer Rats zone.
1:08 of 1st period - Snap shot by Troy Brouwer.
1:08 of 1st period - Stopped by Richard Bachman with a rebound.
1:10 of 1st period - Backhand shot by Troy Brouwer.
1:10 of 1st period - Shot Misses the Net.
1:12 of 1st period - Slapshot by Tomas Kudelka.
1:12 of 1st period - Deflect By Michael Latta.
1:12 of 1st period - Stopped by Richard Bachman with a rebound.
1:14 of 1st period - Slapshot by Michael Latta.
1:14 of 1st period - Shot Misses the Net.
1:16 of 1st period - Slapshot by Troy Brouwer.
1:16 of 1st period - Shot Misses the Net.
1:18 of 1st period - Slapshot by Slava Voynov.
1:18 of 1st period - Shot Misses the Net.
1:37 of 1st period - Jarred Tinordi is hit by Marek Viedensky and loses puck.
2:09 of 1st period - Slapshot by Richard Jackman.
2:09 of 1st period - Deflect By Michael Latta.
2:09 of 1st period - Stopped by Justin Pogge without a rebound.
2:10 of 1st period - Michael Latta wins face-off versus Vincent Trocheck in Ice Dragons zone.
2:24 of 1st period - Minor Penalty to Ryan Reaves for Holding.
2:25 of 1st period - Nick Palmieri wins face-off versus Kyle Turris in Ice Dragons zone.
2:34 of 1st period - Icing by Richard Jackman.
2:35 of 1st period - Kyle Turris wins face-off versus Nick Palmieri in Sewer Rats zone.
3:10 of 1st period - Off-side.
3:11 of 1st period - Nick Palmieri wins face-off versus Jonathan Marchessault in neutral zone.
3:22 of 1st period - Slapshot by Steven Kampfer.
3:22 of 1st period - Stopped by Justin Pogge without a rebound.
3:23 of 1st period - Nick Palmieri wins face-off versus Jared Boll in Ice Dragons zone.
4:01 of 1st period - Icing by Richard Jackman.
4:02 of 1st period - Nick Palmieri wins face-off versus Ville Leino in Sewer Rats zone.
4:24 of 1st period - Penalty to Ryan Reaves is over, Ryan Reaves is back on ice.
4:34 of 1st period - Snap shot by Ville Leino.
4:34 of 1st period - Shot Blocked by Slava Voynov.
5:04 of 1st period - Wrist shot by Ville Leino.
5:04 of 1st period - Stopped by Justin Pogge without a rebound.
5:05 of 1st period - Marek Viedensky wins face-off versus Vojtech Polak in Ice Dragons zone.
5:05 of 1st period - Marek Viedensky is hit by Vojtech Polak.
5:49 of 1st period - Steven Kampfer is hit by Kyle Bigos and loses puck.
6:02 of 1st period - Mattias Ekholm is hit by Kyle Bigos and loses puck.
6:53 of 1st period - Joel Edmundson is hit by Tomas Kudelka and loses puck.
8:27 of 1st period - Daniel Carr is hit by Tomas Kudelka and loses puck.
8:52 of 1st period - Wrist shot by Mark Mancari.
8:52 of 1st period - Shot Misses the Net.
8:54 of 1st period - Snap shot by Mark Mancari.
8:54 of 1st period - Shot Misses the Net.
8:56 of 1st period - Slapshot by Jarred Tinordi.
8:56 of 1st period - Deflect By Kyle Turris.
8:56 of 1st period - Stopped by Justin Pogge with a rebound.
9:41 of 1st period - Snap shot by Derek Dorsett.
9:41 of 1st period - Deflect By Patrick Bordeleau.
9:41 of 1st period - Goal by Patrick Bordeleau - Ice Dragons : 0 - Sewer Rats : 1.
9:42 of 1st period - Kyle Turris wins face-off versus Marek Viedensky in neutral zone.
9:45 of 1st period - Brandon Kozun is hit by Ville Leino and loses puck.
10:08 of 1st period - Kyle Turris is hit by Troy Brouwer and loses puck.
10:28 of 1st period - Icing by Ville Leino.
10:29 of 1st period - Tyler Haskins wins face-off versus Jonathan Marchessault in Sewer Rats zone.
10:30 of 1st period - Wrist shot by Nick Palmieri.
10:30 of 1st period - Deflect By Tyler Haskins.
10:30 of 1st period - Stopped by Richard Bachman without a rebound.
10:31 of 1st period - Tyler Haskins wins face-off versus Jonathan Marchessault in Sewer Rats zone.
10:55 of 1st period - Off-side.
10:56 of 1st period - Michael Latta wins face-off versus Vincent Trocheck in neutral zone.
11:01 of 1st period - Slapshot by Michael Latta.
11:01 of 1st period - Stopped by Richard Bachman with a rebound.
11:03 of 1st period - Snap shot by Troy Brouwer.
11:03 of 1st period - Deflect By Michael Latta.
11:03 of 1st period - Shot Blocked by Derek Dorsett.
11:03 of 1st period - Puck is out of play.
11:04 of 1st period - Kyle Turris wins face-off versus Tyler Haskins in Sewer Rats zone.
11:04 of 1st period - Kyle Turris is hit by Nick Palmieri.
11:59 of 1st period - Snap shot by Derek Dorsett.
11:59 of 1st period - Stopped by Justin Pogge without a rebound.
12:00 of 1st period - Kyle Turris wins face-off versus Tyler Haskins in Ice Dragons zone.
12:03 of 1st period - Slapshot by Ville Leino.
12:03 of 1st period - Stopped by Justin Pogge with a rebound.
12:05 of 1st period - Wrist shot by Ville Leino.
12:05 of 1st period - Stopped by Justin Pogge without a rebound.
12:06 of 1st period - Kyle Turris wins face-off versus Tyler Haskins in Ice Dragons zone.
12:35 of 1st period - Wrist shot by Troy Brouwer.
12:35 of 1st period - Stopped by Richard Bachman without a rebound.
12:36 of 1st period - Jonathan Marchessault wins face-off versus Michael Latta in Sewer Rats zone.
12:49 of 1st period - Slapshot by Michael Latta.
12:49 of 1st period - Stopped by Richard Bachman with a rebound.
12:51 of 1st period - Slapshot by Ian Cole.
12:51 of 1st period - Shot Blocked by Steven Kampfer.
13:29 of 1st period - Vincent Trocheck is hit by Slava Voynov and loses puck.
13:34 of 1st period - Snap shot by Brandon Kozun.
13:34 of 1st period - Shot Misses the Net.
13:37 of 1st period - Icing by Matt Lashoff.
13:38 of 1st period - Tyler Haskins wins face-off versus Patrick Bordeleau in Sewer Rats zone.
13:42 of 1st period - Minor Penalty to Matt Lashoff for Cross-checking.
13:43 of 1st period - Petr Vrana wins face-off versus Ville Leino in Sewer Rats zone.
13:43 of 1st period - Wrist shot by Tyler Haskins.
13:43 of 1st period - Stopped by Richard Bachman with a rebound.
13:45 of 1st period - Wrist shot by Ian Cole.
13:45 of 1st period - Shot Blocked by Richard Jackman.
13:47 of 1st period - Slapshot by Samuel Groulx.
13:47 of 1st period - Deflect By Richard Jackman.
13:47 of 1st period - Goal by Samuel Groulx - Ice Dragons : 1 - Sewer Rats : 1.
13:48 of 1st period - Kyle Turris wins face-off versus Tyler Haskins in neutral zone.
13:53 of 1st period - Nick Palmieri is hit by Ville Leino and loses puck.
14:02 of 1st period - Snap shot by Jordan LaVallee.
14:02 of 1st period - Shot Misses the Net.
14:14 of 1st period - Mark Mancari is hit by Joey Hishon and loses puck.
14:45 of 1st period - Wrist shot by Vojtech Polak.
14:45 of 1st period - Stopped by Justin Pogge with a rebound.
15:31 of 1st period - Samuel Groulx is hit by Ville Leino and loses puck.
15:46 of 1st period - Wrist shot by Jared Boll.
15:46 of 1st period - Shot Misses the Net.
15:48 of 1st period - Slapshot by Steven Kampfer.
15:48 of 1st period - Shot Blocked by Marek Viedensky.
16:04 of 1st period - Slapshot by Troy Brouwer.
16:04 of 1st period - Stopped by Richard Bachman with a rebound.
16:21 of 1st period - Icing by Nick Palmieri.
16:22 of 1st period - Tyler Haskins wins face-off versus Kyle Turris in Ice Dragons zone.
16:31 of 1st period - Snap shot by Nick Palmieri.
16:31 of 1st period - Stopped by Richard Bachman without a rebound.
16:32 of 1st period - Jonathan Marchessault wins face-off versus Tyler Haskins in Sewer Rats zone.
16:43 of 1st period - Wrist shot by Nick Palmieri.
16:43 of 1st period - Shot Misses the Net.
16:45 of 1st period - Wrist shot by Tyler Haskins.
16:45 of 1st period - Goal by Tyler Haskins - Ice Dragons : 2 - Sewer Rats : 1.
16:46 of 1st period - Kyle Turris wins face-off versus Tyler Haskins in neutral zone.
17:31 of 1st period - Snap shot by Richard Jackman.
17:31 of 1st period - Deflect By Ville Leino.
17:31 of 1st period - Shot Misses the Net.
17:31 of 1st period - Puck is out of play.
17:32 of 1st period - William Karlsson wins face-off versus Marek Viedensky in Ice Dragons zone.
17:43 of 1st period - Wrist shot by Daniel Carr.
17:43 of 1st period - Goal by Daniel Carr - Ice Dragons : 2 - Sewer Rats : 2.
17:44 of 1st period - Kyle Turris wins face-off versus Tyler Haskins in neutral zone.
18:10 of 1st period - Jonathan Marchessault is hit by Brandon Kozun and loses puck.
18:23 of 1st period - Wrist shot by Brandon Kozun.
18:23 of 1st period - Shot Misses the Net.
19:02 of 1st period - Snap shot by Mark Mancari.
19:02 of 1st period - Stopped by Justin Pogge with a rebound.
19:12 of 1st period - Backhand shot by Vojtech Polak.
19:12 of 1st period - Shot Misses the Net.
19:14 of 1st period - Snap shot by Vojtech Polak.
19:14 of 1st period - Stopped by Justin Pogge with a rebound.
19:16 of 1st period - Snap shot by Jared Boll.
19:16 of 1st period - Stopped by Justin Pogge with a rebound.
Goals for this period are 2 for Ice Dragons vs 2 for Sewer Rats.
Shots for this period are 11 for Ice Dragons vs 13 for Sewer Rats.

2nd period


0:01 of 2nd period - Tyler Haskins wins face-off versus Kyle Turris in neutral zone.
0:06 of 2nd period - Snap shot by Nick Palmieri.
0:06 of 2nd period - Shot Misses the Net.
0:08 of 2nd period - Wrist shot by Nick Palmieri.
0:08 of 2nd period - Shot Misses the Net.
0:10 of 2nd period - Slapshot by Nick Palmieri.
0:10 of 2nd period - Stopped by Richard Bachman without a rebound.
0:11 of 2nd period - Ville Leino wins face-off versus Nick Palmieri in Sewer Rats zone.
0:11 of 2nd period - Ville Leino is hit by Nick Palmieri.
0:23 of 2nd period - Slapshot by Mark Mancari.
0:23 of 2nd period - Shot Blocked by Tyler Haskins.
0:25 of 2nd period - Slapshot by Steven Kampfer.
0:25 of 2nd period - Stopped by Justin Pogge without a rebound.
0:26 of 2nd period - Jonathan Marchessault wins face-off versus Tyler Haskins in Ice Dragons zone.
0:30 of 2nd period - Icing by Tyler Haskins.
0:31 of 2nd period - Tyler Haskins wins face-off versus Vojtech Polak in Ice Dragons zone.
0:40 of 2nd period - Wrist shot by Tyler Haskins.
0:40 of 2nd period - Stopped by Richard Bachman with a rebound.
0:42 of 2nd period - Slapshot by Ian Cole.
0:42 of 2nd period - Shot Misses the Net.
0:44 of 2nd period - Slapshot by Nick Palmieri.
0:44 of 2nd period - Stopped by Richard Bachman without a rebound.
0:45 of 2nd period - Tyler Haskins wins face-off versus Kyle Turris in Sewer Rats zone.
1:10 of 2nd period - Backhand shot by Patrick Bordeleau.
1:10 of 2nd period - Stopped by Justin Pogge with a rebound.
1:12 of 2nd period - Slapshot by Richard Jackman.
1:12 of 2nd period - Stopped by Justin Pogge without a rebound.
1:13 of 2nd period - Michael Latta wins face-off versus Vincent Trocheck in Ice Dragons zone.
1:13 of 2nd period - Michael Latta is hit by Derek Dorsett.
1:20 of 2nd period - Minor Penalty to Vincent Trocheck for Tripping.
1:21 of 2nd period - Ville Leino wins face-off versus Tyler Haskins in Sewer Rats zone.
1:59 of 2nd period - Ville Leino is hit by Michael Latta and loses puck.
2:26 of 2nd period - Tomas Kudelka is hit by Kyle Quincey and loses puck.
2:41 of 2nd period - Backhand shot by Steven Kampfer.
2:41 of 2nd period - Shot Misses the Net.
3:20 of 2nd period - Penalty to Vincent Trocheck is over, Vincent Trocheck is back on ice.
3:33 of 2nd period - Slapshot by Richard Jackman.
3:33 of 2nd period - Stopped by Justin Pogge with a rebound.
3:39 of 2nd period - Slapshot by Jared Boll.
3:39 of 2nd period - Stopped by Justin Pogge without a rebound.
3:40 of 2nd period - Vincent Trocheck wins face-off versus Marek Viedensky in Ice Dragons zone.
3:41 of 2nd period - Snap shot by Derek Dorsett.
3:41 of 2nd period - Stopped by Justin Pogge without a rebound.
3:42 of 2nd period - Michael Latta wins face-off versus Vincent Trocheck in Ice Dragons zone.
3:42 of 2nd period - Michael Latta is hit by Patrick Bordeleau.
4:40 of 2nd period - Backhand shot by Ville Leino.
4:40 of 2nd period - Shot Blocked by Alexander Urbom.
4:48 of 2nd period - Slapshot by Troy Brouwer.
4:48 of 2nd period - Stopped by Richard Bachman with a rebound.
5:17 of 2nd period - Wrist shot by Troy Brouwer.
5:17 of 2nd period - Deflect By Ryan Reaves.
5:17 of 2nd period - Shot Misses the Net.
5:17 of 2nd period - Puck is out of play.
5:18 of 2nd period - Tyler Haskins wins face-off versus Jonathan Marchessault in Sewer Rats zone.
5:43 of 2nd period - Matt Lashoff is hit by Ian Cole and loses puck.
6:10 of 2nd period - Kyle Turris is hit by Nick Palmieri and loses puck.
6:27 of 2nd period - Jared Boll is hit by Slava Voynov and loses puck.
6:57 of 2nd period - William Karlsson is hit by Jordan LaVallee and loses puck.
7:08 of 2nd period - Slapshot by Matt Lashoff.
7:08 of 2nd period - Deflect By Patrick Bordeleau.
7:08 of 2nd period - Stopped by Justin Pogge without a rebound.
7:09 of 2nd period - Marek Viedensky wins face-off versus Vincent Trocheck in Ice Dragons zone.
7:18 of 2nd period - Off-side.
7:19 of 2nd period - Petr Vrana wins face-off versus Jonathan Marchessault in neutral zone.
9:13 of 2nd period - Wrist shot by Vojtech Polak.
9:13 of 2nd period - Goal by Vojtech Polak - Ice Dragons : 2 - Sewer Rats : 3.
9:14 of 2nd period - Tyler Haskins wins face-off versus Kyle Turris in neutral zone.
9:21 of 2nd period - Slapshot by Jordan LaVallee.
9:21 of 2nd period - Shot Misses the Net.
10:01 of 2nd period - Mattias Ekholm is hit by Bradley Malone and loses puck.
10:07 of 2nd period - Minor Penalty to Ian Cole for Hooking.
10:08 of 2nd period - Nick Palmieri wins face-off versus Kyle Turris in Ice Dragons zone.
10:38 of 2nd period - Icing by Richard Jackman.
10:39 of 2nd period - Nick Palmieri wins face-off versus Kyle Turris in Sewer Rats zone.
12:00 of 2nd period - Tyler Haskins is hit by Ville Leino and loses puck.
12:07 of 2nd period - Penalty to Ian Cole is over, Ian Cole is back on ice.
12:27 of 2nd period - Snap shot by Troy Brouwer.
12:27 of 2nd period - Shot Hit the Post.
12:43 of 2nd period - Slapshot by Mattias Ekholm.
12:43 of 2nd period - Stopped by Justin Pogge without a rebound.
12:44 of 2nd period - William Karlsson wins face-off versus Marek Viedensky in Ice Dragons zone.
13:17 of 2nd period - Jonathan Marchessault is hit by Tyler Haskins and loses puck.
14:12 of 2nd period - Wrist shot by Troy Brouwer.
14:12 of 2nd period - Shot Misses the Net.
14:24 of 2nd period - Wrist shot by Vojtech Polak.
14:24 of 2nd period - Stopped by Justin Pogge with a rebound.
14:26 of 2nd period - Snap shot by Vojtech Polak.
14:26 of 2nd period - Shot Misses the Net.
14:28 of 2nd period - Slapshot by Jonathan Marchessault.
14:28 of 2nd period - Stopped by Justin Pogge with a rebound.
14:30 of 2nd period - Slapshot by Jonathan Marchessault.
14:30 of 2nd period - Stopped by Justin Pogge with a rebound.
15:00 of 2nd period - Nick Palmieri is hit by Derek Dorsett and loses puck.
15:59 of 2nd period - Slapshot by Richard Jackman.
15:59 of 2nd period - Shot Misses the Net.
16:01 of 2nd period - Snap shot by Vojtech Polak.
16:01 of 2nd period - Shot Blocked by Jordan LaVallee.
16:03 of 2nd period - Slapshot by Matt Lashoff.
16:03 of 2nd period - Shot Blocked by Ian Cole.
16:05 of 2nd period - Slapshot by Richard Jackman.
16:05 of 2nd period - Shot Misses the Net.
17:11 of 2nd period - Wrist shot by Ryan Reaves.
17:11 of 2nd period - Goal by Ryan Reaves - Ice Dragons : 3 - Sewer Rats : 3.
17:12 of 2nd period - Kyle Turris wins face-off versus Tyler Haskins in neutral zone.
17:23 of 2nd period - Wrist shot by Tyler Haskins.
17:23 of 2nd period - Stopped by Richard Bachman with a rebound.
17:27 of 2nd period - Snap shot by Nick Palmieri.
17:27 of 2nd period - Stopped by Richard Bachman with a rebound.
17:37 of 2nd period - Ryan Reaves is hit by Jonathan Marchessault and loses puck.
17:50 of 2nd period - Slapshot by Jared Boll.
17:50 of 2nd period - Deflect By Tomas Kudelka.
17:50 of 2nd period - Shot Blocked by Tomas Kudelka.
17:50 of 2nd period - Puck is out of play.
17:51 of 2nd period - Kyle Turris wins face-off versus Tyler Haskins in Ice Dragons zone.
18:39 of 2nd period - Ian Cole is hit by Matt Lashoff.
18:43 of 2nd period - Snap shot by Jared Boll.
18:43 of 2nd period - Stopped by Justin Pogge with a rebound.
18:45 of 2nd period - Snap shot by Vojtech Polak.
18:45 of 2nd period - Shot Blocked by Ian Cole.
18:47 of 2nd period - Snap shot by Jared Boll.
18:47 of 2nd period - Stopped by Justin Pogge without a rebound.
18:48 of 2nd period - Kyle Turris wins face-off versus Marek Viedensky in Ice Dragons zone.
18:57 of 2nd period - Slapshot by Ville Leino.
18:57 of 2nd period - Stopped by Justin Pogge with a rebound.
18:59 of 2nd period - Slapshot by Kyle Quincey.
18:59 of 2nd period - Shot Blocked by Tomas Kudelka.
19:01 of 2nd period - Wrist shot by Ville Leino.
19:01 of 2nd period - Shot Misses the Net.
19:03 of 2nd period - Slapshot by Kyle Quincey.
19:03 of 2nd period - Shot Blocked by Marek Viedensky.
19:13 of 2nd period - Kyle Quincey is hit by Michael Latta and loses puck.
19:22 of 2nd period - Wrist shot by Michael Latta.
19:22 of 2nd period - Deflect By Troy Brouwer.
19:22 of 2nd period - Shot Misses the Net.
19:22 of 2nd period - Puck is out of play.
19:23 of 2nd period - Kyle Turris wins face-off versus Michael Latta in Sewer Rats zone.
19:23 of 2nd period - Kyle Turris is hit by Samuel Groulx.
19:35 of 2nd period - Snap shot by Kyle Turris.
19:35 of 2nd period - Shot Misses the Net.
19:42 of 2nd period - Icing by Michael Latta.
19:43 of 2nd period - Michael Latta wins face-off versus Jonathan Marchessault in Ice Dragons zone.
19:56 of 2nd period - Snap shot by Michael Latta.
19:56 of 2nd period - Deflect By Troy Brouwer.
19:56 of 2nd period - Stopped by Richard Bachman without a rebound.
19:57 of 2nd period - Kyle Turris wins face-off versus Tyler Haskins in Sewer Rats zone.
Goals for this period are 1 for Ice Dragons vs 1 for Sewer Rats.
Shots for this period are 8 for Ice Dragons vs 15 for Sewer Rats.

3rd period


0:01 of 3rd period - Tyler Haskins wins face-off versus Mark Mancari in neutral zone.
0:15 of 3rd period - Wrist shot by Tyler Haskins.
0:15 of 3rd period - Stopped by Richard Bachman without a rebound.
0:16 of 3rd period - Marek Viedensky wins face-off versus Jonathan Marchessault in Sewer Rats zone.
0:17 of 3rd period - Slapshot by Ian Cole.
0:17 of 3rd period - Shot Misses the Net.
0:58 of 3rd period - Icing by Jordan LaVallee.
0:59 of 3rd period - Tyler Haskins wins face-off versus Vincent Trocheck in Ice Dragons zone.
0:59 of 3rd period - Tyler Haskins is hit by Patrick Bordeleau.
1:40 of 3rd period - Minor Penalty to Richard Jackman for Kneeing.
1:41 of 3rd period - Ville Leino wins face-off versus Tyler Haskins in Sewer Rats zone.
1:57 of 3rd period - Snap shot by Petr Vrana.
1:57 of 3rd period - Stopped by Richard Bachman with a rebound.
2:56 of 3rd period - Joel Edmundson is hit by Tomas Kudelka and loses puck.
3:22 of 3rd period - Icing by Ian Cole.
3:23 of 3rd period - Michael Latta wins face-off versus Kyle Turris in Ice Dragons zone.
3:40 of 3rd period - Penalty to Richard Jackman is over, Richard Jackman is back on ice.
3:54 of 3rd period - Slapshot by Tomas Kudelka.
3:54 of 3rd period - Stopped by Richard Bachman with a rebound.
4:40 of 3rd period - Joey Hishon is hit by Vojtech Polak and loses puck.
5:30 of 3rd period - Icing by Petr Vrana.
5:31 of 3rd period - Derek Dorsett wins face-off versus Bradley Malone in Ice Dragons zone.
5:38 of 3rd period - Snap shot by Derek Dorsett.
5:38 of 3rd period - Goal by Derek Dorsett - Ice Dragons : 3 - Sewer Rats : 4.
5:39 of 3rd period - Tyler Haskins wins face-off versus Kyle Turris in neutral zone.
5:45 of 3rd period - Minor Penalty to Mark Mancari for Holding.
5:46 of 3rd period - Tyler Haskins wins face-off versus Patrick Bordeleau in Sewer Rats zone.
5:46 of 3rd period - Wrist shot by Nick Palmieri.
5:46 of 3rd period - Stopped by Richard Bachman with a rebound.
5:48 of 3rd period - Slapshot by Samuel Groulx.
5:48 of 3rd period - Stopped by Richard Bachman without a rebound.
5:49 of 3rd period - Tyler Haskins wins face-off versus Ville Leino in Sewer Rats zone.
6:18 of 3rd period - Wrist shot by Nick Palmieri.
6:18 of 3rd period - Shot Blocked by Matt Lashoff.
6:20 of 3rd period - Snap shot by Tyler Haskins.
6:20 of 3rd period - Shot Misses the Net.
6:22 of 3rd period - Snap shot by Samuel Groulx.
6:22 of 3rd period - Shot Misses the Net.
6:30 of 3rd period - Slapshot by Petr Vrana.
6:30 of 3rd period - Shot Misses the Net.
6:32 of 3rd period - Snap shot by Tyler Haskins.
6:32 of 3rd period - Goal by Tyler Haskins - Ice Dragons : 4 - Sewer Rats : 4.
6:33 of 3rd period - Jonathan Marchessault wins face-off versus Michael Latta in neutral zone.
6:33 of 3rd period - Jonathan Marchessault is hit by Michael Latta.
6:40 of 3rd period - Kyle Quincey is hit by Samuel Groulx.
7:53 of 3rd period - Wrist shot by Troy Brouwer.
7:53 of 3rd period - Goal by Troy Brouwer - Ice Dragons : 5 - Sewer Rats : 4.
7:54 of 3rd period - Tyler Haskins wins face-off versus Kyle Turris in neutral zone.
8:01 of 3rd period - Wrist shot by Nick Palmieri.
8:01 of 3rd period - Shot Blocked by Ville Leino.
8:03 of 3rd period - Slapshot by Tomas Kudelka.
8:03 of 3rd period - Shot Blocked by Mattias Ekholm.
8:05 of 3rd period - Slapshot by Slava Voynov.
8:05 of 3rd period - Deflect By Tyler Haskins.
8:05 of 3rd period - Stopped by Richard Bachman with a rebound.
8:07 of 3rd period - Slapshot by Slava Voynov.
8:07 of 3rd period - Stopped by Richard Bachman without a rebound.
8:08 of 3rd period - Ville Leino wins face-off versus Tyler Haskins in Sewer Rats zone.
8:33 of 3rd period - Michael Latta is hit by Jonathan Marchessault and loses puck.
8:42 of 3rd period - Slapshot by Jared Boll.
8:42 of 3rd period - Deflect By Jonathan Marchessault.
8:42 of 3rd period - Shot Hit the Post.
8:42 of 3rd period - Puck is out of play.
8:43 of 3rd period - Tyler Haskins wins face-off versus Kyle Turris in Ice Dragons zone.
8:43 of 3rd period - Tyler Haskins is hit by Kyle Turris.
9:07 of 3rd period - Vojtech Polak is hit by Troy Brouwer and loses puck.
9:18 of 3rd period - Slapshot by Jonathan Marchessault.
9:18 of 3rd period - Shot Blocked by Ryan Reaves.
9:57 of 3rd period - Snap shot by Nick Palmieri.
9:57 of 3rd period - Shot Blocked by Matt Lashoff.
10:02 of 3rd period - Minor Penalty to Samuel Groulx for Interference.
10:03 of 3rd period - Kyle Turris wins face-off versus Nick Palmieri in Ice Dragons zone.
11:07 of 3rd period - Slapshot by Slava Voynov.
11:07 of 3rd period - Shot Blocked by Steven Kampfer.
12:02 of 3rd period - Penalty to Samuel Groulx is over, Samuel Groulx is back on ice.
12:05 of 3rd period - Snap shot by Derek Dorsett.
12:05 of 3rd period - Shot Blocked by Ian Cole.
12:07 of 3rd period - Slapshot by Jarred Tinordi.
12:07 of 3rd period - Shot Misses the Net.
12:09 of 3rd period - Snap shot by Derek Dorsett.
12:09 of 3rd period - Stopped by Justin Pogge without a rebound.
12:10 of 3rd period - Marek Viedensky wins face-off versus Vincent Trocheck in Ice Dragons zone.
12:23 of 3rd period - Slapshot by Mattias Ekholm.
12:23 of 3rd period - Stopped by Justin Pogge with a rebound.
12:25 of 3rd period - Slapshot by Mattias Ekholm.
12:25 of 3rd period - Deflect By Joey Hishon.
12:25 of 3rd period - Stopped by Justin Pogge without a rebound.
12:26 of 3rd period - Michael Latta wins face-off versus Kyle Turris in Ice Dragons zone.
13:15 of 3rd period - Snap shot by Derek Dorsett.
13:15 of 3rd period - Stopped by Justin Pogge with a rebound.
13:17 of 3rd period - Wrist shot by Derek Dorsett.
13:17 of 3rd period - Shot Misses the Net.
13:19 of 3rd period - Snap shot by Derek Dorsett.
13:19 of 3rd period - Stopped by Justin Pogge with a rebound.
13:23 of 3rd period - Snap shot by Derek Dorsett.
13:23 of 3rd period - Shot Misses the Net.
13:37 of 3rd period - Wrist shot by Michael Latta.
13:37 of 3rd period - Shot Misses the Net.
13:39 of 3rd period - Slapshot by Tomas Kudelka.
13:39 of 3rd period - Stopped by Richard Bachman without a rebound.
13:40 of 3rd period - Jonathan Marchessault wins face-off versus Tyler Haskins in Sewer Rats zone.
13:40 of 3rd period - Jonathan Marchessault is hit by Tyler Haskins.
13:50 of 3rd period - Backhand shot by Jordan LaVallee.
13:50 of 3rd period - Stopped by Richard Bachman without a rebound.
13:51 of 3rd period - Kyle Turris wins face-off versus Tyler Haskins in Sewer Rats zone.
13:51 of 3rd period - Kyle Turris is hit by Tyler Haskins.
14:19 of 3rd period - Off-side.
14:20 of 3rd period - Jonathan Marchessault wins face-off versus Michael Latta in neutral zone.
14:27 of 3rd period - Wrist shot by Vojtech Polak.
14:27 of 3rd period - Deflect By Jonathan Marchessault.
14:27 of 3rd period - Stopped by Justin Pogge with a rebound.
14:29 of 3rd period - Snap shot by Vojtech Polak.
14:29 of 3rd period - Shot Blocked by Ryan Reaves.
14:57 of 3rd period - Jarred Tinordi is hit by Tomas Kudelka and loses puck.
15:29 of 3rd period - Icing by Jarred Tinordi.
15:30 of 3rd period - Kyle Turris wins face-off versus Michael Latta in Sewer Rats zone.
15:55 of 3rd period - Wrist shot by Mark Mancari.
15:55 of 3rd period - Stopped by Justin Pogge without a rebound.
15:56 of 3rd period - Marek Viedensky wins face-off versus Vincent Trocheck in Ice Dragons zone.
15:56 of 3rd period - Marek Viedensky is hit by Vincent Trocheck.
16:02 of 3rd period - Brandon Kozun is hit by Matt Lashoff and loses puck.
16:09 of 3rd period - Snap shot by Brandon Kozun.
16:09 of 3rd period - Shot Misses the Net.
16:17 of 3rd period - Derek Dorsett is hit by Joey Hishon and loses puck.
16:48 of 3rd period - Wrist shot by Troy Brouwer.
16:48 of 3rd period - Shot Misses the Net.
16:50 of 3rd period - Wrist shot by Ryan Reaves.
16:50 of 3rd period - Stopped by Richard Bachman without a rebound.
16:51 of 3rd period - Michael Latta wins face-off versus Kyle Turris in Sewer Rats zone.
16:52 of 3rd period - Snap shot by Troy Brouwer.
16:52 of 3rd period - Shot Hit the Post.
16:54 of 3rd period - Wrist shot by Troy Brouwer.
16:54 of 3rd period - Shot Hit the Post.
16:56 of 3rd period - Snap shot by Ryan Reaves.
16:56 of 3rd period - Stopped by Richard Bachman with a rebound.
16:58 of 3rd period - Slapshot by Samuel Groulx.
16:58 of 3rd period - Shot Hit the Post.
17:00 of 3rd period - Snap shot by Ryan Reaves.
17:00 of 3rd period - Shot Misses the Net.
17:02 of 3rd period - Snap shot by Troy Brouwer.
17:02 of 3rd period - Stopped by Richard Bachman with a rebound.
17:03 of 3rd period - Minor Penalty to Alexander Urbom for Close Hand On Puck.
17:04 of 3rd period - Nick Palmieri wins face-off versus Kyle Turris in Ice Dragons zone.
17:09 of 3rd period - Minor Penalty to Matt Lashoff for Holding.
17:10 of 3rd period - Ville Leino wins face-off versus Nick Palmieri in Sewer Rats zone.
17:19 of 3rd period - Wrist shot by Nick Palmieri.
17:19 of 3rd period - Shot Misses the Net.
17:21 of 3rd period - Wrist shot by Brandon Kozun.
17:21 of 3rd period - Shot Misses the Net.
17:56 of 3rd period - Wrist shot by Petr Vrana.
17:56 of 3rd period - Shot Misses the Net.
17:58 of 3rd period - Snap shot by Tomas Kudelka.
17:58 of 3rd period - Shot Blocked by Kyle Quincey.
18:00 of 3rd period - Slapshot by Slava Voynov.
18:00 of 3rd period - Stopped by Richard Bachman with a rebound.
18:02 of 3rd period - Snap shot by Ian Cole.
18:02 of 3rd period - Stopped by Richard Bachman with a rebound.
18:04 of 3rd period - Wrist shot by Petr Vrana.
18:04 of 3rd period - Shot Blocked by Steven Kampfer.
18:30 of 3rd period - Jared Boll is hit by Samuel Groulx and loses puck.
19:03 of 3rd period - Penalty to Alexander Urbom is over, Alexander Urbom is back on ice.
19:09 of 3rd period - Penalty to Matt Lashoff is over, Matt Lashoff is back on ice.
19:26 of 3rd period - Snap shot by Petr Vrana.
19:26 of 3rd period - Stopped by Richard Bachman with a rebound.
19:28 of 3rd period - Slapshot by Slava Voynov.
19:28 of 3rd period - Shot Blocked by Richard Jackman.
19:30 of 3rd period - Slapshot by Tomas Kudelka.
19:30 of 3rd period - Stopped by Richard Bachman with a rebound.
19:32 of 3rd period - Slapshot by Slava Voynov.
19:32 of 3rd period - Stopped by Richard Bachman with a rebound.
19:34 of 3rd period - Slapshot by Tomas Kudelka.
19:34 of 3rd period - Shot Blocked by Jarred Tinordi.
19:36 of 3rd period - Wrist shot by Petr Vrana.
19:36 of 3rd period - Stopped by Richard Bachman with a rebound.
19:38 of 3rd period - Snap shot by Tomas Kudelka.
19:38 of 3rd period - Deflect By Mark Mancari.
19:38 of 3rd period - Stopped by Richard Bachman with a rebound.
19:43 of 3rd period - Slapshot by Tomas Kudelka.
19:43 of 3rd period - Shot Misses the Net.
19:45 of 3rd period - Snap shot by Petr Vrana.
19:45 of 3rd period - Goal by Petr Vrana - Ice Dragons : 6 - Sewer Rats : 4.
19:46 of 3rd period - Kyle Turris wins face-off versus Marek Viedensky in neutral zone.
19:57 of 3rd period - Wrist shot by Derek Dorsett.
19:57 of 3rd period - Shot Misses the Net.
Goals for this period are 3 for Ice Dragons vs 1 for Sewer Rats.
Shots for this period are 22 for Ice Dragons vs 8 for Sewer Rats.